 Dungeon Crawl Stone Soup version 0.27.0-1-g7a089689b8 (webtiles) character file.

Game seed: 10128171990009697557

10969 backslashecho the Cleaver (level 11, -3/87 HPs)
             Began as a Demonspawn Gladiator on Aug 8, 2021.
             Was a Priest of Uskayaw.
             Killed from afar by a gargoyle (19 damage)
             ... with a stone arrow
             ... on level 11 of the Dungeon.
             The game lasted 00:27:04 (12451 turns).

backslashecho the Cleaver (Demonspawn Gladiator)   Turns: 12451, Time: 00:27:04

Health: -3/87      AC: 18    Str: 26    XL:     11   Next: 43%
Magic:  17/17      EV:  9    Int:  9    God:    Uskayaw [***...]
Gold:   743        SH:  0    Dex: 15    Spells: 10/10 levels left

rFire    . . .     SeeInvis .   b - +1 hand axe (vamp)
rCold    . . .     Faith    +   E - +0 kite shield
rNeg     . . .     Spirit   .   J - +4 scale mail
rPois    +         Reflect  .   c - +0 helmet
rElec    .         Harm     .   j - +0 cloak
rCorr    .         Rampage  .   m - +1 pair of gloves
Will     .....                  (boots unavailable)
Stlth    ..........             A - amulet of faith
HPRegen  0.24/turn              z - ring of poison resistance
MPRegen  0.15/turn              u - +6 ring of strength

@: confused, brilliant, ambrosia-drunk, unable to read
A: hooves 3, demonic guardian 1, sharp scales 2, strong 1, inability to read
while threatened
a: Renounce Religion, Stomp, Line Pass


You were on level 11 of the Dungeon.
You worshipped Uskayaw.
Uskayaw was aware of your devotion.
You visited 2 branches of the dungeon, and saw 12 of its levels.

You collected 743 gold pieces.

Inventory:

Hand Weapons
 a - a +0 war axe
 b - a +1 vampiric hand axe (weapon)
 n - a +0 spear
Missiles
 i - 61 poisoned darts (quivered)
 K - 3 curare-tipped darts
Armour
 c - a +0 helmet (worn)
 j - a +0 cloak (worn)
 m - a +1 pair of gloves (worn)
 E - a +0 kite shield (worn)
 J - a +4 scale mail (worn)
Jewellery
 o - a ring of protection from cold
 t - a ring of protection from cold
 u - a +6 ring of strength (right hand)
 z - a ring of poison resistance (left hand)
 A - an amulet of faith (around neck)
Wands
 h - a wand of flame (6)
 C - a wand of charming (14)
 F - a wand of iceblast (14)
Scrolls
 d - 3 scrolls of enchant armour
 e - 2 scrolls of fog
 f - 7 scrolls of teleportation
 g - a scroll of fear
 k - 3 scrolls of identify
 l - 2 scrolls of amnesia
 q - a scroll of enchant weapon
 s - 2 scrolls of blinking
 B - 2 scrolls of magic mapping
Potions
 p - 3 potions of flight
 r - a potion of haste
 v - a potion of heal wounds {unknown}
 x - 2 potions of brilliance
 D - a potion of ambrosia
 H - a potion of attraction {unknown}
 I - 2 potions of lignification {unknown}
Miscellaneous
 M - a lightning rod (4/4)


   Skills:
 + Level 8.8 Fighting
 * Level 11.2 Axes
 - Level 1.7 Throwing
 - Level 5.2 Armour
 - Level 2.6 Dodging
 + Level 5.3 Shields
 - Level 1.0 Unarmed Combat
 + Level 8.9 Invocations


You had 10 spell levels left.
You didn't know any spells.
Your spell library contained the following spells:

 Spells                   Type           Power      Damage    Failure   Level
 Animate Skeleton         Necr           0%         N/A       97%         1
 Apportation              Tloc           0%         N/A       97%         1
 Corona                   Hex            0%         N/A       97%         1
 Foxfire                  Conj/Fire      0%         2x1d4     97%         1
 Shock                    Conj/Air       0%         1d3       97%         1
 Summon Small Mammal      Summ           0%         N/A       97%         1
 Slow                     Hex            0%         N/A       99%         2
 Sublimation of Blood     Necr           0%         N/A       99%         2
 Wereblood                Tmut           0%         N/A       99%         2
 Confusing Touch          Hex            0%         N/A       100%        3
 Conjure Flame            Conj/Fire      0%         6-21      100%        3
 Inner Flame              Hex/Fire       0%         N/A       100%        3
 Ozocubu's Armour         Ice            0%         N/A       100%        3
 Swiftness                Air            0%         N/A       100%        3
 Airstrike                Air            0%         N/A       100%        4
 Animate Dead             Necr           0%         N/A       100%        4
 Borgnjor's Vile Clutch   Necr/Erth      0%         N/A       100%        5
 Freezing Cloud           Conj/Ice/Air   0%         6-21      100%        5
 Metabolic Englaciation   Hex/Ice        0%         N/A       100%        5
 Yara's Violent Unravell  Hex/Tmut       0%         3d3       100%        5
 Death Channel            Necr           0%         N/A       100%        6
 Simulacrum               Ice/Necr       0%         N/A       100%        6
 Summon Hydra             Summ           0%         N/A       100%        7
 Polar Vortex             Ice            0%         N/A       100%        9


Dungeon Overview and Level Annotations

Branches:
Dungeon (11/15)            Temple (1/1) D:5
   Lair: D:8-11         Orc: D:9-12

Altars:
Ashenzari
Cheibriados
Dithmenos
Elyvilon
Fedhas
Gozag
Hepliaklqana
Kikubaaqudgha
Makhleb
Nemelex Xobeh
Okawaru
Qazlal
Ru
Sif Muna
Trog
Uskayaw
Vehumet
Wu Jian
Xom
Yredelemnul
Zin
The Shining One

Shops:
D:3 *   D:9 =

Annotations:
D:3 1 runed translucent door, Crazy Yiuf


Innate Abilities, Weirdness & Mutations

You have hooves in place of feet.
A weak demonic guardian rushes to your aid.
You are mostly covered in razor-sharp scales. (AC +2, Slay +2)
Your muscles are strong. (Str +2)
You sometimes lose the ability to read scrolls when taking damage.


Message History

The gargoyle hurls a stone arrow at you.
You block the stone arrow.
You hit the gargoyle but do no damage.
The gargoyle is severely damaged.
You block the gargoyle's attack.
You hit the gargoyle but do no damage.
The gargoyle is severely damaged.
The gargoyle completely misses you.
You hit the gargoyle but do no damage. Your kick misses the gargoyle.
The gargoyle is severely damaged.
The gargoyle hurls a stone arrow at you.
The stone arrow hits you!!
You feel threatened and lose the ability to read scrolls!
* * * LOW HITPOINT WARNING * * *
A demonic guardian appears!
You take 26 damage, and have 11/87 hp.
MASSIVE DAMAGE!!
Okay, then.
Unknown command.
Okay, then.
Okay, then.
You cannot read scrolls in your current state!
It was a potion of brilliance.
You feel clever all of a sudden.
Your ufetubus hits the gargoyle but does no damage. x2
The gargoyle hits you with a +0 morningstar.
* * * LOW HITPOINT WARNING * * *
You take 3 damage, and have 8/87 hp.
You cannot read scrolls in your current state!
It was a potion of ambrosia.
You are confused.
You feel invigorated.
Your ufetubus barely misses the gargoyle.
Your ufetubus hits the gargoyle but does no damage.
The gargoyle hurls a stone arrow at your ufetubus.
The stone arrow hits your ufetubus!!
Your ufetubus dies!
You regained 5 hp, and now have 13/87 hp.
The gargoyle hurls a stone arrow at you.
The stone arrow hits you!!
You die...

#....# ....# ...#
#..# #..#
#<.############.
#...............
#.............#
#......@(...#
#........9..#
#.............#
#.............#
...............#
##........#######
#.#####..# #.
#..# #..


You could see a gargoyle.

Vanquished Creatures
  Erolcha (D:10)
  Harold (D:7)
  2 cyclopes
  Prince Ribbit (D:8)
  A slime creature (D:8)
  A meliai zombie (D:9)
  7 yaks
  A wyvern (D:10)
  A steam dragon (D:9)
  Grum (D:10)
  3 water moccasins
  2 ice beasts (D:8)
  2 orc warriors (D:8)
  2 sky beasts
  3 wolves (D:10)
  A necrophage (D:6)
  5 centaurs
  4 ogres
  2 phantoms
  5 kobold brigands
  Blork the orc (D:4)
  4 bullfrogs
  3 gnoll sergeants
  3 scorpions
  A water moccasin zombie (D:6)
  2 water moccasin skeletons
  9 killer bees (D:9)
  10 wights
  5 howler monkeys
  3 bullfrog zombies (D:6)
  A centaur zombie (D:8)
  3 hounds
  3 orc priests
  5 jellies
  Terence (D:2)
  An iron imp (D:4)
  A gnoll shaman (D:4)
  Natasha (D:2)
  11 orc wizards
  5 iguanas
  2 killer bee zombies
  A hound zombie (D:5)
  2 howler monkey zombies
  17 gnolls
  3 adders
  A shadow imp (D:6)
  2 white imps
  A howler monkey simulacrum (D:8)
  An ufetubus (D:5)
  An adder skeleton (D:4)
  A worm (D:4)
  A dart slug (D:1)
  24 orcs
  10 endoplasms
  4 giant cockroaches
  8 goblins
  7 hobgoblins
  6 jackals
  15 kobolds
  4 quokkas
  16 ball pythons
  9 bats
  3 frilled lizards (D:2)
  7 rats
265 creatures vanquished.

Vanquished Creatures (collateral kills)
  A centaur warrior (D:8)
  A two-headed ogre (D:8)
  A wraith (D:8)
  A centaur (D:8)
4 creatures vanquished.

Vanquished Creatures (others)
  3 fungi (D:3)
  2 plants (D:1)
5 creatures vanquished.

Grand Total: 274 creatures vanquished

Notes
Turn   | Place    | Note
-------+----------+-------------------------------------------
     0 | D:1      | backslashecho the Demonspawn Gladiator began the quest for
                  | the Orb.
     0 | D:1      | Reached XP level 1. HP: 16/16 MP: 1/1
    96 | D:1      | Gained mutation: You are partially covered in razor-sharp
                  | scales. (AC +1, Slay +1) [demonic ancestry]
    96 | D:1      | Reached XP level 2. HP: 7/22 MP: 2/2
   323 | D:1      | Reached skill level 3 in Axes
   477 | D:1      | Gained mutation: You have large cloven feet. [demonic
                  | ancestry]
   477 | D:1      | Reached XP level 3. HP: 27/28 MP: 3/3
   698 | D:1      | You fall into a shaft and drop 1 floor!
   741 | D:2      | Reached skill level 1 in Unarmed Combat
   742 | D:2      | Reached skill level 1 in Armour
   811 | D:2      | Gained mutation: Your muscles are strong. (Str +2) [potion
                  | of mutation]
   811 | D:2      | Gained mutation: You sometimes lose the ability to read
                  | scrolls when taking damage. [potion of mutation]
   847 | D:2      | Noticed Terence
   860 | D:2      | Killed Terence
   861 | D:2      | Reached XP level 4. HP: 20/34 MP: 4/4
  1072 | D:1      | Found a faded altar of an unknown god.
  1626 | D:2      | Noticed Natasha
  1639 | D:2      | Killed Natasha
  2143 | D:2      | Reached skill level 4 in Axes
  2437 | D:2      | Gained mutation: You are mostly covered in razor-sharp
                  | scales. (AC +2, Slay +2) [demonic ancestry]
  2437 | D:2      | Reached XP level 5. HP: 26/41 MP: 5/5
  2896 | D:3      | Found Warhes's General Store.
  3119 | D:3      | Reached XP level 6. HP: 47/47 MP: 6/6
  3265 | D:3      | Found a runed translucent door.
  3266 | D:3      | Noticed Crazy Yiuf
  3339 | D:4      | Found a snail-covered altar of Cheibriados.
  3340 | D:4      | Noticed Blork the orc
  3353 | D:4      | Killed Blork the orc
  3674 | D:4      | Reached skill level 5 in Axes
  4077 | D:4      | Reached XP level 7. HP: 54/54 MP: 7/7
  4612 | D:4      | Reached skill level 6 in Axes
  4730 | D:5      | Entered Level 5 of the Dungeon
  4835 | D:5      | Gained mutation: A weak demonic guardian rushes to your
                  | aid. [demonic ancestry]
  4835 | D:5      | Reached XP level 8. HP: 43/61 MP: 8/8
  4935 | D:5      | Found an ornate altar of the Wu Jian Council.
  4951 | D:5      | Reached skill level 5 in Fighting
  5376 | D:5      | Found a staircase to the Ecumenical Temple.
  5385 | Temple   | Entered the Ecumenical Temple
  5489 | Temple   | Became a worshipper of Uskayaw the Reveller
  5782 | D:6      | Reached * piety under Uskayaw
  5784 | D:6      | Reached skill level 7 in Axes
  5794 | D:6      | Reached ** piety under Uskayaw
  5795 | D:6      | Reached skill level 1 in Invocations
  5858 | D:6      | Reached *** piety under Uskayaw
  5860 | D:6      | Reached **** piety under Uskayaw
  5864 | D:6      | Reached ***** piety under Uskayaw
  5877 | D:6      | Reached ****** piety under Uskayaw
  5925 | D:6      | Reached XP level 9. HP: 33/69 MP: 11/11
  6152 | D:6      | Reached skill level 5 in Armour
  6212 | D:6      | Reached skill level 8 in Axes
  6642 | D:6      | Found an opulent altar of Gozag.
  7205 | D:7      | Found a bloodstained altar of Trog.
  7352 | D:7      | Reached skill level 1 in Shields
  7480 | D:7      | Noticed Harold
  7498 | D:7      | Killed Harold
  7499 | D:7      | Reached skill level 9 in Axes
  7499 | D:7      | Reached skill level 5 in Invocations
  7775 | D:7      | Found a radiant altar of Vehumet.
  8094 | D:8      | Noticed Prince Ribbit
  8128 | D:8      | Killed Prince Ribbit
  8129 | D:8      | Gained mutation: You have hoof-like feet. [demonic
                  | ancestry]
  8129 | D:8      | Reached XP level 10. HP: 42/79 MP: 14/14
  8425 | D:8      | Noticed a two-headed ogre
  8441 | D:8      | Killed a two-headed ogre
  8872 | D:8      | Noticed a cyclops
  8882 | D:8      | Killed a cyclops
  8883 | D:8      | Reached skill level 10 in Axes
  9759 | D:8      | Noticed a centaur warrior
  9766 | D:8      | Killed a centaur warrior
  9768 | D:8      | Found the +3 hat of Pondering {ponderous, Will+ MP+10
                  | Int+5}
 10689 | D:9      | Gained mutation: You have hooves in place of feet. [demonic
                  | ancestry]
 10689 | D:9      | Reached XP level 11. HP: 66/86 MP: 15/17
 10785 | D:9      | Found Ydebuvo's Jewellery Shoppe.
 11511 | D:10     | Entered Level 10 of the Dungeon
 11614 | D:10     | Noticed Erolcha
 11639 | D:10     | Killed Erolcha
 11640 | D:10     | Reached skill level 5 in Shields
 11653 | D:10     | Reached skill level 11 in Axes
 12014 | D:10     | Found a burning altar of Makhleb.
 12119 | D:10     | Noticed Grum
 12136 | D:10     | Killed Grum
 12451 | D:11     | Killed from afar by a gargoyle

Illustrated notes

Levels and vault maps discovered:
D:1:      lightli_arrival_flooded_house, layout_rooms,
          hellmonk_ecumenical_altar_prayer_group, minmay_misc_feat_columns
D:2:      layout_loops_ring, hangedman_abyss_or_decor_lesser_grid,
          supply_closet_lemuel, st_stairs_8, uniq_terence, uniq_natasha
D:3:      layout_rooms, serial_shops, shop, kennysheep_generic_room_14,
          uniq_crazy_yiuf_cottage
D:4:      layout_loops_corners, slow_altar_1, kennysheep_generic_room_5,
          uniq_blork_the_orc
D:5:      layout_rooms, mainiacjoe_overflow_paths, lemuel_temple_firewalk_b,
          minmay_a_box_with_orc_wizards_in_it
D:6:      cheibrodos_fzero, layout_basic, jmf_multi_god_temple
D:7:      layout_rooms, mainiacjoe_overflow_catch_the_wave, uniq_harold
D:8:      nzn_winding_woodlands_cross [nzn_winding_woodlands_5x15_parted,
          nzn_winding_woodlands_5x15_cabin,
          nzn_winding_woodlands_5x15_concentric,
          nzn_winding_woodlands_5x15_longhouse,
          nzn_winding_woodlands_15x15_boxy_spiral], layout_basic,
          due_unseen_surprise, uniq_prince_ribbit1
D:9:      layout_layer_cave, serial_shops, nicolae_shop_statue_plus
D:10:     layout_irregular_city, amcnicky_altar_gilded, uniq_grum, uniq_erolcha
D:11:     minmay_mutant_horseshoe, layout_small_grid, erik_lair_orcish_takeover,
          uniq_josephine, uniq_erica
Temple:   regret_index_temple_waves

Skill      XL: |  1  2  3  4  5  6  7  8  9 10 11 |
---------------+----------------------------------+-----
Axes           | 3 4 5 6 7 9 10 11 | 11.2
Unarmed Combat | 1 |  1.0
Armour         | 1 2 3 4 5 |  5.2
Fighting       | 3 4 6 7 8 |  8.8
Invocations    | 3 6 8 |  8.9
Shields        | 2 4 5 |  5.3
Throwing       | |  1.7
Dodging        | |  2.6

Action                   |  1- 3 |  4- 6 |  7- 9 | 10-12 || total
-------------------------+-------+-------+-------+-------++-------
Melee: War axe           |    78 |   119 |   274 |   118 ||   589
       Kick              |     8 |    33 |    98 |   123 ||   262
       Punch             |       |     1 |       |     1 ||     2
       Hand axe          |       |       |       |   143 ||   143
Throw: Throwing net      |     3 |     5 |     2 |     1 ||    11
       Dart              |       |     7 |     1 |     1 ||     9
Invok: Line Pass         |       |       |     1 |     2 ||     3
  Use: Potion            |     4 |       |     1 |     3 ||     8
       Scroll            |     3 |       |       |    10 ||    13
 Stab: Held in net/web   |     1 |     2 |     1 |       ||     4
       Sleeping          |       |     1 |       |       ||     1
       Paralysed         |       |       |     7 |    38 ||    45
       Invisible         |       |       |     4 |       ||     4
       Confused          |       |       |       |     1 ||     1
Armor: Leather armour    |    44 |    31 |       |       ||    75
       Chain mail        |       |     8 |   126 |       ||   134
       Scale mail        |       |       |     7 |   151 ||   158
Dodge: Dodged            |    60 |    76 |   109 |   159 ||   404
Block: Kite shield       |       |       |       |    23 ||    23
